 Dungeon Crawl Stone Soup version 0.17.0-28-g6e173f8 (webtiles) character file.

744 GeneralIdiocy the Covered (level 8, 62/62 HPs)
             Began as a Formicid Fighter on Nov 23, 2015.
             Was an Initiate of Cheibriados.
             Quit the game on level 5 of the Dungeon.
             The game lasted 00:07:33 (2665 turns).

GeneralIdiocy the Covered (Formicid Fighter)        Turns: 2665, Time: 00:07:33

Health: 62/62      AC: 14    Str: 23    XL:     8   Next: 5%
Magic:  8/8        EV:  5    Int: 10    God:    Cheibriados [......]
Gold:   163        SH:  9    Dex:  9    Spells: 0 memorised, 7 levels left

rFire  . . .     SeeInvis +     (no weapon)
rCold  . . .     Clarity  .     l - +0 plate armour
rNeg   . . .     SustAt   .     c - +0 shield
rPois  +         Gourm    .     (helmet unavailable)
rElec  .         Spirit   .     C - +0 cloak
rCorr  .         Warding  .     (no gloves)
rMut   .         Stasis   +     (no boots)
MR     .....                    h - amulet of regeneration
Stlth  ..........               (no ring)
                                r - ring of poison resistance

@: contaminated, glowing, slow, not resistant to hostile enchantments, extremely
unstealthy
A: permanent stasis, dig shafts and tunnels, four strong arms, antennae 3,
clumsy 1
a: Dig, Shaft Self, Bend Time, Renounce Religion


You were on level 5 of the Dungeon.
You worshipped Cheibriados.
Cheibriados was noncommittal.
You were not hungry.

You visited 2 branches of the dungeon, and saw 6 of its levels.

You collected 163 gold pieces.

Inventory:

Hand Weapons
 a - a +0 war axe
 v - a cursed +0 blowgun
Missiles
 w - 6 poisoned needles
 y - 5 poisoned tomahawks (quivered)
Armour
 b - a +0 scale mail
 c - a +0 shield (worn)
 l - a +0 plate armour (worn)
 C - a +0 cloak (worn)
Jewellery
 h - an amulet of regeneration (around neck)
 q - an uncursed ring of magical power {unknown}
 r - a ring of poison resistance (left hand)
Wands
 t - a wand of random effects (29)
Scrolls
 i - 3 scrolls of random uselessness {unknown}
 m - a scroll of magic mapping {unknown}
 o - 2 scrolls of remove curse {unknown}
 p - a scroll of enchant weapon {unknown}
 s - 2 scrolls of teleportation
 u - a scroll of fog {unknown}
 x - a scroll of identify {unknown}
Potions
 d - a potion of might
 f - a potion of heal wounds {unknown}
 j - a potion of curing {unknown}
 k - a potion of ambrosia {unknown}
 n - a potion of brilliance {unknown}
 z - 2 potions of agility {unknown}
 A - 2 potions of haste {unknown}
Comestibles
 e - 4 bread rations
 g - a beef jerky
 B - a fruit


   Skills:
 + Level 5.1 Fighting
 * Level 5.5 Axes
 * Level 6.6 Armour
 - Level 3.9 Shields


You had 7 spell levels left.
You didn't know any spells.

Dungeon Overview and Level Annotations

Branches:
Dungeon (5/15)             Temple (1/1) D:5

Altars:
Ashenzari
Cheibriados
Dithmenos
Elyvilon
Fedhas
Gozag
Kikubaaqudgha
Makhleb
Qazlal
Ru
Trog
Xom
Zin
The Shining One

Annotations:
D:5 Natasha


Innate Abilities, Weirdness & Mutations

You are under a permanent stasis effect.
You can dig through walls and to a lower floor.
Your four strong arms can wield two-handed weapons with a shield.
You have a pair of large antennae on your head (SInv).
You are clumsy. (Dex -2)


Message History

Wield which item (- for none, * to show all)? (? for menu, Esc to quit)
You feel a build-up of mutagenic energy.
It softly glows with a divine radiance!
D - the +10 dire flail "Impbane" (weapon)
{holy, *Contam rElec rC+++ SInv} Drop what? 30/52 slots (_ for help) (? for menu, Esc to quit)
Really unwield
D - the +10 dire flail "Impbane" {holy, *Contam rElec rC+++ SInv}? [Y]es or [N]o only, please.
Really unwield
D - the +10 dire flail "Impbane" {holy, *Contam rElec rC+++ SInv}?
Mutagenic energies flood into your body!
You are contaminated with residual magic.
The +10 dire flail "Impbane" {holy, *Contam rElec rC+++ SInv} stops glowing.
You are now empty-handed.
You drop the +10 dire flail "Impbane" {holy, *Contam rElec rC+++ SInv}.
Your body shudders with the violent release of wild energies!
You feel clumsy.
There is a stone staircase leading down here.
Natasha, Servant of Life and Death comes into view.
Natasha hisses angrily.
Found 19 bolts.
Are you sure you want to abandon this character and quit the game? (Confirm with "yes".)

.....# ##.## .. .#...#
#..##.# .#...### ##.##.#
. .......# #.##.# ..
##...#.# #..#.# ...
#...#.######.#.# h...
##...#.#........# .....
.....#.#........##......
....##.#.......>@.......
....##.#..)...#...######
....##.#......#...#
....##.#......#...#
######.#......#.(.#
#.#......#...#
#.#......#...#
#.#......#....
#.########


You could see Natasha.

Vanquished Creatures
  Sigmund (D:3)
  Edmund (D:4)
  A gnoll sergeant (D:3)
  A crimson imp (D:5)
  A giant frog skeleton (D:5)
  A hound (D:5)
  An orc priest (D:3)
  Natasha (twice) (D:4 D:5)
  An orc wizard (D:3)
  A worker ant (D:4)
  6 gnolls (D:3)
  6 adders
  A shadow imp (D:5)
  2 worms (D:5)
  A giant gecko (D:1)
  6 orcs (D:3)
  2 ball pythons
  9 bats
  2 giant cockroaches
  10 hobgoblins
  6 jackals
  5 kobolds
  A quokka (D:2)
  4 giant newts
  5 goblins
  5 rats
82 creatures vanquished.

Notes
Turn   | Place    | Note
--------------------------------------------------------------
     0 | D:1      | GeneralIdiocy the Formicid Fighter began the quest for the Orb.
     0 | D:1      | Reached XP level 1. HP: 18/18 MP: 1/1
   145 | D:1      | Reached XP level 2. HP: 21/24 MP: 2/2
   629 | D:2      | Reached XP level 3. HP: 24/29 MP: 3/3
   992 | D:2      | Reached skill level 4 in Armour
  1002 | D:2      | Reached XP level 4. HP: 32/35 MP: 4/4
  1343 | D:3      | Noticed Sigmund
  1359 | D:3      | Killed Sigmund
  1359 | D:3      | Reached skill level 5 in Armour
  1359 | D:3      | Reached XP level 5. HP: 42/42 MP: 5/5
  1359 | D:3      | Reached XP level 6. HP: 48/48 MP: 6/6
  1454 | D:3      | Noticed a gnoll sergeant
  1505 | D:3      | Killed a gnoll sergeant
  1538 | D:3      | Found a shimmering altar of Xom.
  1659 | D:3      | Reached XP level 7. HP: 53/55 MP: 7/7
  1695 | D:3      | Found a stormy altar of Qazlal.
  1697 | D:3      | Noticed an air elemental
  1697 | D:3      | Noticed a water elemental
  1698 | D:3      | Noticed a fire elemental
  1698 | D:3      | Noticed an earth elemental
  2179 | D:4      | Noticed Edmund
  2198 | D:4      | Killed Edmund
  2198 | D:4      | Reached skill level 5 in Fighting
  2198 | D:4      | Reached skill level 5 in Axes
  2198 | D:4      | Reached skill level 6 in Armour
  2240 | D:4      | Noticed Natasha
  2251 | D:4      | Killed Natasha
  2252 | D:4      | Noticed Natasha
  2258 | D:5      | Entered Level 5 of the Dungeon
  2329 | D:5      | Killed Natasha
  2458 | D:5      | Reached XP level 8. HP: 62/62 MP: 8/8
  2488 | D:5      | Found a staircase to the Ecumenical Temple.
  2528 | Temple   | Entered the Ecumenical Temple
  2595 | Temple   | Became a worshipper of Cheibriados the Contemplative
  2656 | D:5      | Got a steaming dire flail
  2657 | D:5      | Identified the +10 dire flail "Impbane" {holy, *Contam rElec rC+++ SInv} (You found it on level 5 of the Dungeon)
  2658 | D:5      | Gained mutation: You are clumsy. (Dex -2) [mutagenic glow]
  2664 | D:5      | Noticed Natasha
  2665 | D:5      | Quit the game

Action                   |  1- 3 |  4- 6 |  7- 9 || total
-------------------------+-------+-------+-------++-------
Melee: War axe           |   107 |   116 |   168 ||   391
  Use: Scroll            |       |     1 |       ||     1
  Eat: Chunk             |       |     3 |     5 ||     8
